 Dungeon Crawl Stone Soup version 0.30-a0-4-ga7cffc901d (webtiles) character file.

Game seed: 4256104257603930454

107 Setbun the Cutter (level 5, -2/45 HPs)
             Began as a Kobold Brigand on Aug 21, 2022.
             Slain by a killer bee (5 damage)
             ... on level 4 of the Dungeon.
             The game lasted 00:02:13 (2201 turns).

Setbun the Cutter (Kobold Brigand)                  Turns: 2201, Time: 00:02:15

Health: -2/45      AC: 22    Str:  8    XL:     5   Next: 10%
Magic:  5/5        EV:  3    Int: 12    God:
Gold:   194        SH:  0    Dex: 19    Spells: 4/4 levels left

rFire   . . .      SeeInvis .    l - +0 dagger (freeze)
rCold   . . .      Faith    .    (no shield)
rNeg    . . .      Spirit   .    (body armour currently unavailable)
rPois   +          Reflect  .    (helmet currently unavailable)
rElec   .          Harm     .    (cloak currently unavailable)
rCorr   .          Rampage  .    (gloves currently unavailable)
Will    .....      NoTele   +    (boots currently unavailable)
Stlth   ++++......               (no amulet)
HPRegen 0.15/turn                (no ring)
MPRegen 0.09/turn                (no ring)

@: tree-form
A: stationary, stasis, torment immunity, boosted hp, small, no large weapons,
nightstalker 3
a: no special abilities


You were on level 4 of the Dungeon.
You were a tree.
You visited 1 branch of the dungeon, and saw 4 of its levels.

You collected 194 gold pieces.

Inventory:

Hand Weapons
 a - a +2 dagger
 l - a +0 dagger of freezing (weapon)
Missiles
 d - 9 poisoned darts (quivered)
 e - 3 curare-tipped darts
Armour
 b - a +0 robe (melded)
 c - a +0 cloak (melded)
Wands
 o - a wand of roots (11)
Scrolls
 f - a scroll of vulnerability {unknown}
 g - 5 scrolls of fear {unknown}
 i - a scroll of enchant armour {unknown}
 j - 2 scrolls of enchant weapon {unknown}
 k - a scroll of fog {unknown}
 q - a scroll of brand weapon {unknown}
 s - a scroll of silence {unknown}
 t - a scroll of amnesia {unknown}
Potions
 m - a potion of curing
 n - a potion of flight
 p - 2 potions of haste {unknown}
 r - a potion of degeneration {unknown}
 u - a potion of cancellation {unknown}


   Skills:
 - Level 2.3 Fighting
 + Level 6.1 Short Blades
 - Level 2.3 Throwing
 - Level 1.4 Dodging
 - Level 5.4 Stealth


You had 4 spell levels left.
You didn't know any spells.
Your spell library contained the following spells:

 Spells                   Type           Power      Damage    Failure   Level
 Slow                     Hex            0%         N/A       32%         1
 Confusing Touch          Hex            0%         N/A       69%         3
 Vampiric Draining        Necr           0%         2d6       69%         3


Dungeon Overview and Level Annotations

Branches:
Dungeon (4/15)
 Temple: D:4-7

Altars:


Innate Abilities, Weirdness & Mutations

You are a tree.
Your roots penetrate the ground, keeping you stationary.
You cannot be teleported.
You are immune to unholy pain and torment.
Your maximum health is greatly increased.
Your equipment is partially melded.
You are small and have problems with some larger weapons.
You are completely attuned to the shadows.


Message History

The killer bee stings you but does no damage.
You hit the killer bee but do no damage.
The killer bee is lightly wounded.
The killer bee barely misses you. The killer bee stings you. x2
You are poisoned.
The killer bee poisons you!
You miss the killer bee.
The killer bee is lightly wounded.
You feel sick. The killer bee closely misses you. The killer bee misses you.
The killer bee stings you!
You are lethally poisoned!
The killer bee poisons you! The killer bee stings you.
* * * LOW HITPOINT WARNING * * *
It was a potion of lignification.
You turn into a tree.
Your +0 cloak melds into your body.
Your +0 robe melds into your body.
Your roots penetrate the ground.
* * * LOW HITPOINT WARNING * * *
You feel very sick. The killer bee barely misses you.
The killer bee stings you.
* * * LOW HITPOINT WARNING * * *
The killer bee stings you but does no damage. x6
It was a potion of curing.
You feel better.
The killer bee stings you but does no damage.
The killer bee stings you.
* * * LOW HITPOINT WARNING * * *
The killer bee stings you but does no damage. x2
The killer bee barely misses you. The killer bee stings you.
* * * LOW HITPOINT WARNING * * *
The killer bee barely misses you. The killer bee completely misses you.
It was a potion of flight.
Your roots keep you in place.
The killer bee stings you.
* * * LOW HITPOINT WARNING * * *
The killer bee stings you but does no damage. x7
You feel better. The killer bee stings you!
* * * LOW HITPOINT WARNING * * *
The killer bee stings you but does no damage.
The killer bee barely misses you.
The killer bee stings you but does no damage.
The killer bee stings you.
You die...

.......# ........
........# #....yyy#
#.....♣y# #.......# #.#.
###.#### #.#. #.# #.#.
##.## #.#. #...### #..#
####.....############.#.
......................#.
####..##.############.##


You could see 4 killer bees.

Vanquished Creatures
  Jessica (D:2)
  An adder (D:2)
  2 worms (D:2)
  A dart slug (D:1)
  3 orcs (D:3)
  5 ball pythons
  3 bats
  4 endoplasms
  5 giant cockroaches
  5 goblins
  7 hobgoblins
  2 jackals (D:2)
  4 kobolds
  A quokka (D:1)
  6 frilled lizards
  6 rats
56 creatures vanquished.

Notes
Turn   | Place    | Note
-------+----------+-------------------------------------------
     0 | D:1      | Setbun the Kobold Brigand began the quest for the Orb.
     0 | D:1      | Reached XP level 1. HP: 12/12 MP: 1/1
   108 | D:1      | Reached XP level 2. HP: 17/17 MP: 2/2
   115 | D:1      | Reached skill level 3 in Short Blades
   375 | D:1      | Reached XP level 3. HP: 21/21 MP: 3/3
   402 | D:1      | Reached skill level 4 in Short Blades
  1264 | D:2      | Noticed Jessica
  1267 | D:2      | Killed Jessica
  1268 | D:2      | Reached skill level 5 in Short Blades
  1268 | D:2      | Reached XP level 4. HP: 26/26 MP: 4/4
  1268 | D:2      | Found a faded altar of an unknown god.
  1894 | D:3      | Reached skill level 6 in Short Blades
  1901 | D:3      | Reached XP level 5. HP: 20/30 MP: 5/5
  2201 | D:4      | Slain by a killer bee

Illustrated notes

Levels and vault maps discovered:
D:1:      ncdulo_lavacross, layout_loops_ring, roderic_serpentine_path
D:2:      layout_loops_cross, basic_ecumenical_altar, serial_rivers,
          chequers_serial_rivers_micro_c, chequers_serial_rivers_small_3,
          chequers_serial_rivers_small_3, chequers_serial_rivers_micro_d,
          chequers_serial_rivers_small_b, chequers_serial_rivers_micro_a,
          uniq_jessica
D:3:      minmay_inner_zag, layout_rooms, nicolae_uskayaw_dance_hall,
          lemuel_doored_altar, guppyfry_early_orc_mine
D:4:      layout_loops_ring, okawaru_ov_weapons_minmay, serial_shops,
          nicolae_shop_overgrown_old_shop

Skill      XL: |  1  2  3  4 |
---------------+-------------+-----
Short Blades   | 3 5 6 |  6.1
Fighting       | |  2.3
Throwing       | |  2.3
Dodging        | |  1.4
Stealth        | |  5.4

Action                   |  1- 3 |  4- 6 || total
-------------------------+-------+-------++-------
Melee: Dagger            |    67 |    56 ||   123
       Punch             |       |     1 ||     1
  Use: Potion            |       |     4 ||     4
 Stab: Sleeping          |    30 |     9 ||    39
Armor: Robe              |     3 |     7 ||    10
       Skin              |       |    18 ||    18
Dodge: Dodged            |    15 |    38 ||    53

Table legend: (Time is in decaauts)
 A = Elapsed time spent in this place.
 B = Non-inter-level travel time spent in this place.
 C = Inter-level travel time spent in this place.
 D = Time resting spent in this place.
 E = Time spent auto-exploring this place.
 F = Levels seen in this place.
 G = Mean time per level.
                   A        B        C        D        E       F      G
               +--------+--------+--------+--------+--------+-----+--------+
         Total |   2183 |   2100 |     83 |    222 |   1560 |   4 |  545.8 |
       Dungeon |   2183 |   2100 |     83 |    222 |   1560 |   4 |  545.8 |
               +--------+--------+--------+--------+--------+-----+--------+

Top non-repeatable levels by time:
     D:2: 1036 daAuts
     D:1: 799 daAuts
     D:3: 308 daAuts
     D:4: 39 daAuts
